 Dungeon Crawl Stone Soup version 0.25-a0-36-g303dd5b1f4 (webtiles) character file.

Game seed: 664284856529743459, levelgen mode: deterministic

63 Arixos the Skirmisher (level 3, -8/30 HPs)
             Began as a Demonspawn Monk on Oct 20, 2019.
             Mangled by Crazy Yiuf
             ... wielding a +3 quarterstaff of chaos
              (9 damage)
             ... on level 2 of the Dungeon.
             The game lasted 00:06:34 (2638 turns).

Arixos the Skirmisher (Demonspawn Monk)             Turns: 2638, Time: 00:06:35

Health: -8/30      AC:  3    Str: 12    XL:     3   Next: 89%
Magic:  3/3        EV: 13    Int: 11    God:
Gold:   63         SH:  6    Dex: 15    Spells: 2/2 levels left

rFire    . . .     SeeInvis .     - Unarmed
rCold    . . .     Gourm    .   (no shield)
rNeg     . . .     Faith    .   a - +0 robe
rPois    .         Spirit   .   (no helmet)
rElec    .         Reflect  .   (no cloak)
rCorr    .         Harm     .   d - +0 pair of gloves
MR       .....                  (no boots)
Stlth    ++........             g - amulet of magic regeneration
HPRegen  0.10/turn              (no ring)
MPRegen  0.33/turn              (no ring)

@: very slightly contaminated
A: large bone plates 2
a: no special abilities


You were on level 2 of the Dungeon.
You were not hungry.

You visited 1 branch of the dungeon, and saw 2 of its levels.

You collected 63 gold pieces.

Inventory:

Armour
 a - a +0 robe (worn)
 d - a +0 pair of gloves (worn)
Jewellery
 g - an amulet of magic regeneration (around neck)
Scrolls
 e - a scroll of fear {unknown}
 f - a scroll of identify {unknown}
Potions
 c - a potion of haste {unknown}
 h - a potion of berserk rage {unknown}
Comestibles
 b - a ration


   Skills:
 + Level 3.7 Fighting
 + Level 1.6 Armour
 + Level 3.3 Dodging
 - Level 1.7 Stealth
 - Level 2.6 Unarmed Combat


You had 2 spell levels left.
You didn't know any spells.
Your spell library was empty.

Dungeon Overview and Level Annotations

Branches:
Dungeon (2/15)

Altars:

Annotations:
D:2 Crazy Yiuf


Innate Abilities, Weirdness & Mutations

You are mostly covered in large bone plates. (SH +6)


Message History

You barely miss Crazy Yiuf.
Crazy Yiuf is heavily wounded.
Crazy Yiuf closely misses you.
You bump into the stone wall.
You flicker for a moment.
You bump into the stone wall.
Crazy Yiuf hits you with a +3 quarterstaff of chaos!
* * * LOW HITPOINT WARNING * * *
Crazy Yiuf freezes you.
* * * LOW HITPOINT WARNING * * *
There is an open translucent door here.
You bump into the tree.
You feel less confused. You block Crazy Yiuf's attack.
You strike the helpless Crazy Yiuf from behind!
You hit Crazy Yiuf but do no damage.
Crazy Yiuf is heavily wounded.
You flicker back into view.
Crazy Yiuf hits you with a +3 quarterstaff of chaos!
You die...

#.#######.##
##...## #.... #.#
#.# ##.## #.#..
#.# #.# .. #.#..
#.# ### ### #.#..
#.# .#.... #.#
...... #.###♣♣
##### .###.#
#.....♣♣ ♣♣#..)#
#......♣♣♣♣@g...#
##......♣..♣#...#
##....♣.♣♣♣#####
###♣♣♣♣♣ .. .# #
#


You could see Crazy Yiuf.

Vanquished Creatures
  2 oozes (D:1)
  2 worms (D:2)
  A leopard gecko (D:1)
  2 ball pythons
  A giant cockroach (D:1)
  8 goblins
  3 hobgoblins
  3 jackals (D:2)
  7 bats
  3 frilled lizards
  8 kobolds (D:2)
  7 rats
47 creatures vanquished.

Notes
Turn   | Place    | Note
-------+----------+-------------------------------------------
     0 | D:1      | Arixos the Demonspawn Monk began the quest for the Orb.
     0 | D:1      | Reached XP level 1. HP: 18/18 MP: 1/1
   587 | D:1      | Gained mutation: You are partially covered in large bone
                  | plates. (SH +4) [demonic ancestry]
   587 | D:1      | Reached XP level 2. HP: 20/24 MP: 2/2
   708 | D:1      | Reached skill level 1 in Armour
  1189 | D:2      | Gained mutation: You are mostly covered in large bone
                  | plates. (SH +6) [demonic ancestry]
  1189 | D:2      | Reached XP level 3. HP: 29/29 MP: 3/3
  2616 | D:2      | Found a runed translucent door.
  2617 | D:2      | Noticed Crazy Yiuf
  2634 | D:2      | HP: 1/30 [Crazy Yiuf/+3 quarterstaff of chaos (6)]
  2638 | D:2      | Mangled by Crazy Yiuf

Levels and vault maps discovered:
D:1:      lemuel_arrival_funnel, layout_basic
D:2:      layout_loops_cross, minmay_stone_trees_small, kennysheep_donut,
          uniq_crazy_yiuf_cottage

Skill      XL: |  1  2 |
---------------+-------+-----
Dodging        | 3 |  3.3
Armour         | 1 |  1.6
Fighting       | |  3.7
Stealth        | |  1.7
Unarmed Combat | |  2.6

Action                   || total
-------------------------++-------
Melee: Unarmed           ||   217
       Punch             ||     2
 Stab: Sleeping          ||     7
       Invisible         ||     3
  Eat: Chunk             ||     6
Armor: Robe              ||    39
Dodge: Dodged            ||   119
Block: Other             ||    29

Table legend:
 A = Non-vault XP
 B = Vault XP
 C = Vault XP percentage of total XP
 D = Non-vault monster count
 E = Vault monster count
 F = Vault count percentage of total count
                 A         B        C        D         E       F
            +---------+---------+-------+---------+---------+-------
      Total |      91 |       0 |   0.0 |      47 |       0 |   0.0
            +---------+---------+-------+---------+---------+-------
        D:1 |      48 |       0 |   0.0 |      22 |       0 |   0.0
        D:2 |      43 |       0 |   0.0 |      25 |       0 |   0.0
            +---------+---------+-------+---------+---------+-------
